 Dungeon Crawl Stone Soup version 0.30.1-9-gdf580d7c3d (webtiles) character file.

Game seed: 5649668513762474800

424 qax the Sneak (level 7, -2/41 HPs)
             Began as a Kobold Brigand on Oct 25, 2023.
             Succumbed to an orc wizard's poison
             ... on level 5 of the Dungeon.
             The game lasted 00:14:56 (4658 turns).

qax the Sneak (Kobold Brigand)                      Turns: 4658, Time: 00:14:56

Health: -2/41      AC: 12    Str: 11    XL:     7   Next: 17%
Magic:  16/16      EV:  5    Int: 15    God:
Gold:   198        SH:  0    Dex: 17    Spells: 6/6 levels left

rFire   . . .        a - +2 dagger
rCold   + . .        (no shield)
rNeg    . . .        g - +0 plate armour
rPois   .            (no helmet)
rElec   .            c - +0 cloak
rCorr   .            (no gloves)
SInv    .            (no boots)
Will    .....        (no amulet) Stlth
                     p - ring of protection from cold
HPRegen 0.26/turn    q - ring of magical power
MPRegen 0.15/turn

%: no passive effects
@: lethally poisoned (-2 -> -22), attractive
A: small, no large weapons, nightstalker 3, clever 1, strong 1
a: no special abilities


You were on level 5 of the Dungeon.
You visited 1 branch of the dungeon, and saw 5 of its levels.

You collected 198 gold pieces.

Inventory:

Hand Weapons
 a - a +2 dagger (weapon)
 j - a +0 sling
 m - a +2 hand axe of venom
Missiles
 t - 2 atropa-tipped darts (quivered)
Armour
 b - a +0 robe
 c - a +0 cloak (worn)
 f - a +0 cloak
 g - a +0 plate armour (worn)
 n - a scarf of resistance
Jewellery
 p - a ring of protection from cold (left hand)
 q - a ring of magical power (right hand)
Wands
 s - a wand of iceblast (11)
Scrolls
 i - a scroll of torment {unknown}
 k - a scroll of identify
Potions
 l - 3 potions of heal wounds {unknown}
 o - 2 potions of brilliance
 r - 4 potions of ambrosia
 x - a potion of haste


   Skills:
 + Level 3.3 Fighting
 + Level 5.6 Short Blades
 + Level 3.4 Throwing
 + Level 2.7 Armour
 + Level 2.0 Dodging
 + Level 6.4 Stealth


You had 6 spell levels left.
You didn't know any spells.
Your spell library contained the following spells:

 Spells                   Type           Power      Damage    Failure   Level
 Shock                    Conj/Air       0%         1d3       100%        1
 Swiftness                Air            0%         N/A       100%        3
 Airstrike                Air            0%         2d(0-16)  100%        4


Dungeon Overview and Level Annotations

Branches:
Dungeon (5/15)
 Temple: D:4-7

Altars:
Cheibriados
Fedhas
The Shining One


Innate Abilities, Weirdness & Mutations

You are small and have problems with some larger weapons.
You are completely attuned to the shadows.
Your mind is acute. (Int +4, Str/Dex -1)
Your muscles are strong. (Str +4, Int/Dex -1)


Message History

The orc hits you but does no damage.
You hit the orc wizard.
The orc wizard is heavily wounded.
You feel sick.
The orc wizard is no longer blind.
You closely miss the orc wizard.
The orc wizard is heavily wounded.
You feel sick. The orc hits you but does no damage.
The orc hits you with a +0 dagger.
The orc wizard hits you but does no damage.
You are more poisoned.
You closely miss the orc wizard.
The orc wizard is heavily wounded.
You feel very sick. The orc hits you but does no damage.
The orc wizard hits you but does no damage.
You are lethally poisoned!
The orc hits you with a +0 flail.
You hit the orc wizard.
The orc wizard is severely wounded.
You feel very sick.
You closely miss the orc wizard.
The orc wizard is severely wounded.
You feel very sick. The orc hits you with a +0 flail.
* * * LOW HITPOINT WARNING * * *
The orc hits you but does no damage.
The orc wizard hits you with a +1 dagger of venom.
* * * LOW HITPOINT WARNING * * *
You are more poisoned.
It was a potion of attraction.
You feel attractive to monsters.
* * * LOW HITPOINT WARNING * * *
You feel very sick. The orc hits you but does no damage.
The orc barely misses you.
The orc wizard hits you with a +1 dagger of venom.
* * * LOW HITPOINT WARNING * * *
You are too injured to fight recklessly!
You hit the orc wizard but do no damage.
The orc wizard is severely wounded.
You die...

#...>.# #.....#
#.....# #.....#
#((.(.# #.....#
#([...#####.....#
#.((............#
#..ooo..........#
#...@...........#
#...............#
#.......<.......#
#...............#
#...............#
#...............#
#...............#
#################


You could see an orc wizard and 2 orcs.

Vanquished Creatures
  Eustachio (D:4)
  An ice beast (D:4)
  A hound (D:4)
  Ijyb (D:3)
  Robin (D:4)
  2 adders
  A shadow imp (D:4)
  A white imp (D:4)
  2 worms (D:4)
  6 orcs
  6 ball pythons
  13 endoplasms
  2 giant cockroaches
  16 goblins
  3 hobgoblins
  6 kobolds
  4 quokkas
  7 bats
  4 frilled lizards
  A goblin zombie (D:4)
  3 hobgoblin zombies (D:4)
  3 kobold skeletons (D:4)
  A kobold zombie (D:4)
  4 orc skeletons (D:4)
  9 rats
99 creatures vanquished.

Notes
Turn   | Place    | Note
-------+----------+-------------------------------------------
     0 | D:1      | qax the Kobold Brigand began the quest for the Orb.
     0 | D:1      | Reached XP level 1. HP: 12/12 MP: 1/1
   145 | D:1      | Found a faded altar of an unknown god.
   147 | D:1      | Reached XP level 2. HP: 17/17 MP: 2/2
   174 | D:1      | Reached skill level 6 in Stealth
   354 | D:1      | Reached XP level 3. HP: 22/22 MP: 3/3
  1525 | D:2      | Reached XP level 4. HP: 24/27 MP: 4/4
  1531 | D:2      | Gained mutation: A frigid envelope surrounds you and
                  | freezes all who hurt you. [potion of mutation]
  2043 | D:3      | Lost mutation: A frigid envelope surrounds you and freezes
                  | all who hurt you. [potion of mutation]
  2043 | D:3      | Gained mutation: Your mind is acute. (Int +4, Str/Dex -1)
                  | [potion of mutation]
  2043 | D:3      | Gained mutation: Your muscles are strong. (Str +4, Int/Dex
                  | -1) [potion of mutation]
  2304 | D:3      | Noticed Ijyb
  2323 | D:3      | Killed Ijyb
  2324 | D:3      | Reached skill level 1 in Armour
  2324 | D:3      | Reached XP level 5. HP: 28/32 MP: 5/5
  2920 | D:4      | Found a glowing golden altar of the Shining One.
  3419 | D:4      | Noticed an ice beast
  3477 | D:4      | Killed an ice beast
  3478 | D:4      | Reached skill level 5 in Short Blades
  3478 | D:4      | Reached XP level 6. HP: 10/37 MP: 6/6
  3698 | D:4      | Noticed Eustachio
  3699 | D:4      | Found a blossoming altar of Fedhas.
  3740 | D:4      | Killed Eustachio
  3741 | D:4      | Reached XP level 7. HP: 37/41 MP: 7/7
  4072 | D:4      | Found a snail-covered altar of Cheibriados.
  4162 | D:4      | Noticed Robin
  4208 | D:4      | Killed Robin
  4600 | D:5      | Entered Level 5 of the Dungeon
  4657 | D:5      | HP: 1/41 [orc wizard/+1 dagger of venom (2)]
  4658 | D:5      | Succumbed to an orc wizard's poison

Illustrated notes

Levels and vault maps discovered:
D:1:      zaba_arrival_water, layout_rooms, ebering_ecumenical_altar_mist
D:2:      layout_loops_corners
D:3:      layout_loops_ring, uniq_ijyb
D:4:      layout_cave_pods, slow_altar_2, nicolae_tso_besieged_by_evil,
          fedhas_altar_1, minmay_misc_feat_hallway, uniq_robin, uniq_eustachio
D:5:      layout_gridville, mainiacjoe_overflow_paths,
          nicolae_yredelemnul_corpse_copse, nicolae_ru_awakened_eye,
          nicolae_kite_square_tiling_tiny, uniq_prince_ribbit1, uniq_grinder,
          uniq_edmund

Skill      XL: |  1  2  3  4  5  6 |
---------------+-------------------+-----
Stealth        | 6 |  6.4
Short Blades   | 3 5 |  5.6
Armour         | 1 2 |  2.7
Fighting       | 3 |  3.3
Throwing       | 3 |  3.4
Dodging        | 2 |  2.0

Action                     |  1- 3 |  4- 6 |  7- 9 || total
---------------------------+-------+-------+-------++-------
  Melee: Dagger            |   119 |   227 |    42 ||   388
         Punch             |       |       |     1 ||     1
  Throw: Dart              |     4 |    27 |    32 ||    63
    Use: Scroll            |       |    10 |       ||    10
         Potion            |       |     5 |     1 ||     6
   Stab: Sleeping          |     2 |       |       ||     2
         Invisible         |       |       |     1 ||     1
 Armour: Robe              |    18 |       |       ||    18
         Plate armour      |    45 |   167 |    48 ||   260
  Dodge: Dodged            |    36 |    43 |    11 ||    90
